 Dungeon Crawl Stone Soup version 0.19.4-12-gccf7e64 (webtiles) character file.

79 DarkTechnomancer the Firebug (level 3, 0/26 HPs)
             Began as a Demigod Fire Elementalist on Feb 26, 2017.
             Killed by nerve-wracking pain
             ... invoked by Grinder
              (3 damage)
             ... on level 3 of the Dungeon.
             The game lasted 00:08:05 (2092 turns).

DarkTechnomancer the Firebug (DgFE)                 Turns: 2092, Time: 00:08:05

Health: 0/26       AC:  2    Str: 13    XL:     3   Next: 97%
Magic:  0/9        EV: 12    Int: 19    God:
Gold:   68         SH:  0    Dex: 16    Spells: 2 memorised, 3 levels left

rFire  . . .     SeeInvis .     o - +0 dagger
rCold  . . .     Gourm    .     a - +0 robe
rNeg   . . .     Faith    .     (no shield)
rPois  .         Spirit   +     (no helmet)
rElec  .         Reflect  .     (no cloak)
rCorr  .         Harm     .     (no gloves)
MR     .....                    (no boots)
Stlth  ++........               j - amulet of guardian spirit
                                (no ring)
                                (no ring)

@: no status effects
A: high mp 1
a: no special abilities


You were on level 3 of the Dungeon.
You were not hungry.

You visited 1 branch of the dungeon, and saw 3 of its levels.

You collected 68 gold pieces.

Inventory:

Hand Weapons
 o - a +0 dagger (weapon)
Armour
 a - a +0 robe (worn)
 t - a +0 large shield
 w - a +0 shield of protection
Jewellery
 j - an amulet of guardian spirit (around neck)
Scrolls
 d - a scroll of random uselessness {unknown}
 e - 2 scrolls of teleportation {unknown}
 f - a scroll of fog {unknown}
 g - a scroll of identify {unknown}
 h - a scroll of immolation {unknown}
 i - a scroll of amnesia {unknown}
 l - a scroll of magic mapping {unknown}
 p - 2 scrolls of remove curse {unknown}
 q - a scroll of noise {unknown}
 r - 3 scrolls of fear {unknown}
Potions
 k - 2 potions of curing {unknown}
 m - a potion of beneficial mutation {unknown}
 n - a potion of magic {unknown}
 s - a potion of invisibility {unknown}
 u - 3 potions of heal wounds {unknown}
Books
 b - a book of Flames

   Spells                             Type                      Level
   a - Flame Tongue                   Conjuration/Fire             1
   b - Throw Flame                    Conjuration/Fire             2
   c - Conjure Flame                  Conjuration/Fire             3
   d - Inner Flame                    Hexes/Fire                   3
   e - Sticky Flame                   Conjuration/Fire             4
   f - Fireball                       Conjuration/Fire             5
 x - a book of Death

   Spells                             Type                      Level
   a - Corpse Rot                     Necromancy                   2
   b - Sublimation of Blood           Necromancy                   2
   c - Agony                          Necromancy                   5
   d - Dispel Undead                  Necromancy                   5
   e - Excruciating Wounds            Charms/Necromancy            5
   f - Bolt of Draining               Conjuration/Necromancy       5
Comestibles
 c - 4 bread rations
 v - a chunk of flesh


   Skills:
 - Level 1.7 Dodging
 - Level 1.7 Stealth
 + Level 2.5 Spellcasting
 * Level 2.3 Conjurations
 + Level 3.3 Fire Magic


You had 3 spell levels left.
You knew the following spells:

 Your Spells              Type           Power        Failure   Level  Hunger
a - Flame Tongue          Conj/Fire      ##...        8%          1    #......
b - Conjure Flame         Conj/Fire      ##......     17%         3    ###....


Dungeon Overview and Level Annotations

Branches:
Dungeon (3/15)

Annotations:
D:3 Grinder


Innate Abilities, Weirdness & Mutations

You have an increased reservoir of magic. (+10% MP)


Message History

Grinder misses you.
You barely miss Grinder.
Grinder is moderately wounded.
Grinder gestures at you. Pain shoots through your body!
You barely miss Grinder.
Grinder is moderately wounded.
Grinder gestures at you. Pain shoots through your body!
You are too injured to fight recklessly!
You are too injured to fight recklessly!
Grinder barely misses you. Grinder gestures at you.
Pain shoots through your body!
* * * LOW HITPOINT WARNING * * *
There is a stone staircase leading up here.
Grinder says, "Tell me all your secrets, or I'll kill you."
Grinder gestures at you. Pain shoots through your body!
You die...

#............. ..#
#........# #.# ..#
###.#......###.##..#
#.#.##.....##......#### .
......................#.#
#<#<##.#.....(...........
#)#.##...................
#.#....)...............#
#.######........@.....#
#.# ######...5.##### #.#
##.#)## ..# #.#.### ###
### #.#...#...###
#.#.#...⌠...?
#.#.###...### #.#.# ###
#.#


You could see Grinder.

Vanquished Creatures
  2 adders
  2 oozes
  A worm (D:2)
  2 dart slugs
  2 leopard geckos
  3 giant cockroaches
  4 hobgoblins
  3 jackals (D:1)
  A quokka (D:3)
  2 ball pythons (D:2)
  3 bats
  5 frilled lizards (D:1)
  7 goblins
  4 kobolds
  5 rats
46 creatures vanquished.

Notes
Turn   | Place    | Note
-------+----------+-------------------------------------------
     0 | D:1      | DarkTechnomancer the Demigod Fire Elementalist began the quest for the Orb.
     0 | D:1      | Reached XP level 1. HP: 14/14 MP: 5/5
    17 | D:1      | Reached skill level 1 in Conjurations
   240 | D:1      | You fall through a shaft!
   422 | D:2      | Reached XP level 2. HP: 20/20 MP: 1/7
   575 | D:1      | Reached skill level 3 in Fire Magic
   966 | D:1      | Reached XP level 3. HP: 25/26 MP: 2/9
  1994 | D:3      | Noticed Grinder
  2006 | D:2      | Learned a level 3 spell: Conjure Flame
  2018 | D:3      | Paralysed by Grinder for 3 turns
  2092 | D:3      | Killed from afar by Grinder

Skill      XL: |  1  2  3 |
---------------+----------+-----
Conjurations   | 1 2 |  2.3
Spellcasting   | 2 |  2.5
Fire Magic     | 3 |  3.3
Dodging        | |  1.7
Stealth        | |  1.7

Action                   || total
-------------------------++-------
Melee: Dagger            ||    12
       Unarmed           ||     5
 Cast: Flame Tongue      ||    86
       Conjure Flame     ||     2
  Eat: Chunk             ||     4
Armor: Robe              ||     6
Dodge: Dodged            ||    33
